 Dungeon Crawl Stone Soup version 0.31-a0-640-g39d97e502b (webtiles) character file.

Game seed: 17096374688643526220

1286 qw the Skirmisher (level 8, -3/51 HPs)
             Began as a Gargoyle Hunter on Aug 27, 2023.
             Slain by a gnoll
             ... wielding a +1 halberd of distortion
              (9 damage)
             ... on level 7 of the Dungeon.
             The game lasted 00:01:55 (4515 turns).

qw the Skirmisher (Gargoyle Hunter)                 Turns: 4515, Time: 00:01:56

Health: -3/51      AC: 10    Str: 16    XL:     8   Next: 55%
Magic:  8/8        EV: 16    Int: 13    God:
Gold:   166        SH:  0    Dex: 15    Spells: 7/7 levels left

rFire   . . .        Y - +2 shortbow (flame)
rCold   + . .        (shield currently unavailable)
rNeg    + . .        j - +0 ring mail {rC+}
rPois   inf          (no helmet)
rElec   +            (no cloak)
rCorr   .            (no gloves)
SInv    .            (no boots)
Will    +....        (no amulet)
Stlth   +            c - ring "Pogopaz" {Will+ EV+5 Str+2 Int+2}
HPRegen 0.28/turn    (no ring)
MPRegen 0.11/turn

%: no passive effects
@: about to teleport
A: sickness immunity, AC +5, negative energy resistance 1, electricity
resistance, torment resistance 1, petrification resistance
a: no special abilities


You were on level 7 of the Dungeon.
You visited 1 branch of the dungeon, and saw 7 of its levels.

You collected 256 gold pieces.
You spent 90 gold pieces at shops.


Innate Abilities, Weirdness & Mutations

You are immune to sickness and miasma.
Your stone body is resilient. (AC +5)
You are immune to poison.
You resist negative energy. (rN+)
You are resistant to electric shocks. (rElec)
You are resistant to unholy torment.
You are immune to petrification.


   Skills:
 - Level 6.2 Fighting
 - Level 9.1 Ranged Weapons
 + Level 1.0 Armour
 - Level 2.5 Dodging
 - Level 1.1 Stealth


You had 7 spell levels left.
You didn't know any spells.
Your spell library was empty.

Inventory:

Hand Weapons
 Y - a +2 shortbow of flaming (weapon)
Armour
 j - a +0 ring mail of cold resistance (worn)
Jewellery
 c - the ring "Pogopaz" (left hand) {Will+ EV+5 Str+2 Int+2}
   (You acquired it on level 2 of the Dungeon)

   [ring of evasion]

   EV+5:      It affects your evasion (+5).
   Str+2:     It affects your strength (+2).
   Int+2:     It affects your intelligence (+2).
   Will+:     It increases your willpower.
Scrolls
 a - a scroll of identify
 h - 2 scrolls of teleportation
Potions
 b - a potion of resistance
 d - a potion of haste
 f - a potion of mutation {unknown}
 g - 5 potions of curing
 i - a potion of enlightenment

Dungeon Overview and Level Annotations

Branches:
Dungeon (7/15)
 Temple: D:4-7

Altars:

Shops:
D:5 ?

Annotations:
D:7 Joseph


Message History

The centaur is heavily wounded.
The centaur shoots an arrow.
The arrow closely misses you.
The centaur shoots an arrow.
The arrow barely misses you.
You shoot an arrow.
The arrow hits the gnoll but does no damage.
You shoot an arrow. The arrow barely misses the gnoll.
The arrow hits the gnoll.
The arrow burns the gnoll.
The gnoll is moderately wounded.
The gnoll barely misses you.
Enter note:
Enter note:
4508 ||| Stepping ~*~*~tactically~*~*~ (retreating).
Enter note:
Enter note:
4509 ||| Stepping ~*~*~tactically~*~*~ (retreating).
The gnoll attacks as it pursues you!
The gnoll hits you from afar with a +1 halberd of distortion!
Enter note:
4510 ||| Stepping ~*~*~tactically~*~*~ (retreating).
A gnoll comes into view. It is wielding a +0 halberd.
There is an open door here.
Enter note:
Enter note:
4511 ||| Stepping ~*~*~tactically~*~*~ (retreating).
The centaur shoots an arrow.
The arrow hits you.
The centaur shoots an arrow.
The arrow hits you!
Enter note:
4512 ||| READING 3 scrolls of teleportation.
As you read the scroll of teleportation, it crumbles to dust.
You feel strangely unstable. The gnoll barely misses you.
Joseph shoots a sling bullet.
The sling bullet hits you.
4513 ||| Stepping ~*~*~tactically~*~*~ (retreating).
You shoot an arrow. The arrow barely misses the gnoll.
The arrow closely misses the gnoll.
The arrow barely misses the centaur.
The gnoll barely misses you.
You shoot an arrow. The arrow hits the gnoll!
The arrow burns the gnoll.
The gnoll is almost dead.
The gnoll hits you from afar with a +1 halberd of distortion!
You die...

#... .#######)#...##)...
#... ...................
#...#############.#.#####.##
#........# #......#........#
#........# #.############..#
#........# #.# #..#
#........# #.# #..#
###.....c###.# #)..
#....ggg.@.# ###)##
#.....@##### #.)... #.######
#.#.## #...# #.#.#
#.....)...# #.#.#
#......$..# ######.#.#
#.........# ##......#.#
#.........# .........#.#
#[.....g#.c .##......#.##


You could see Joseph, a centaur and 3 gnolls.

Vanquished Creatures
  Grinder (D:6)
  Sigmund (D:6)
  Menkaure (D:6)
  An ice beast (D:6)
  A bullfrog (D:7)
  Blork the orc (D:6)
  2 scorpions
  3 orc priests
  2 hounds
  A gnoll bouda (D:7)
  A jelly (D:4)
  11 gnolls
  14 adders
  A white imp (D:6)
  3 ufetubi
  A worm (D:2)
  A dart slug (D:2)
  22 orcs
  4 endoplasms
  5 giant cockroaches
  7 goblins
  6 hobgoblins
  6 jackals
  8 kobolds
  8 quokkas
  9 ball pythons
  2 bats
  3 frilled lizards
  4 rats
130 creatures vanquished.

Notes
Turn   | Place    | Note
-------+----------+-------------------------------------------
     0 | D:1      | qw the Gargoyle Hunter began the quest for the Orb.
     0 | D:1      | Reached XP level 1. HP: 12/12 MP: 1/1
     0 | D:1      | 0 ||| qw: Version: 0.3-a-74-g0d5e918
     0 | D:1      | 0 ||| qw: Game counter: 6
     0 | D:1      | 0 ||| qw: Melee chars always use a shield: true
     0 | D:1      | 0 ||| qw: God list: Okawaru
     0 | D:1      | 0 ||| qw: Allow faded altars: false
     0 | D:1      | 0 ||| qw: Do Orc after clearing Dungeon:15 true
     0 | D:1      | 0 ||| qw: Do second Lair branch before Depths: true
     0 | D:1      | 0 ||| qw: Lair rune preference: random
     0 | D:1      | 0 ||| qw: Goals: Normal
     0 | D:1      | 0 ||| PLANNING D:1-11
    78 | D:1      | Reached XP level 2. HP: 17/17 MP: 2/2
   430 | D:1      | Reached XP level 3. HP: 21/21 MP: 3/3
   664 | D:1      | 664 ||| READING 4 scrolls labelled FAMYMERIRGH.
   665 | D:1      | 665 ||| READING scroll labelled POEDAA WIYSIME.
   666 | D:1      | 666 ||| READING scroll labelled FUMEMY GENASCH.
   667 | D:1      | 667 ||| READING scroll labelled AMPICU CUCLO.
   668 | D:1      | 668 ||| READING 3 scrolls of identify.
   668 | D:1      | 668 ||| IDENTIFYING glowing golden potion
   669 | D:1      | 669 ||| READING 2 scrolls of identify.
   669 | D:1      | 669 ||| IDENTIFYING red potion
   670 | D:1      | 670 ||| DROPPING scroll of butterflies.
   746 | D:2      | Reached skill level 5 in Ranged Weapons
   874 | D:2      | Reached skill level 3 in Fighting
   874 | D:2      | Reached XP level 4. HP: 28/28 MP: 4/4
  1387 | D:2      | Found a faded altar of an unknown god.
  1545 | D:2      | 1545 ||| UPGRADING to +0 ring mail.
  1555 | D:2      | 1555 ||| DROPPING +0 leather armour.
  1556 | D:2      | 1556 ||| READING scroll labelled WUGROI HYQAJUZI.
  1556 | D:2      | Identified a scroll of acquirement
  1556 | D:2      | 1556 ||| ACQUIRING ring "Pogopaz" {Will+ EV+5 Str+2 Int+2}
  1556 | D:2      | Acquired the ring "Pogopaz" {Will+ EV+5 Str+2 Int+2}
  1558 | D:2      | 1558 ||| UPGRADING to ring "Pogopaz" {Will+ EV+5 Str+2
                  | Int+2}.
  1559 | D:2      | 1559 ||| READING scroll labelled GEYGURCH VIOZET.
  1564 | D:2      | 1564 ||| READING 2 scrolls of identify.
  1564 | D:2      | 1564 ||| IDENTIFYING fuming grey potion
  1728 | D:3      | Reached skill level 1 in Armour
  1759 | D:3      | Reached XP level 5. HP: 31/32 MP: 5/5
  1818 | D:3      | Reached skill level 6 in Ranged Weapons
  1927 | D:3      | 1927 ||| READING scroll of enchant weapon.
  1927 | D:3      | 1927 ||| ENCHANTING +1 shortbow.
  2017 | D:3      | 2017 ||| READING 3 scrolls of identify.
  2017 | D:3      | 2017 ||| IDENTIFYING emerald potion
  2018 | D:3      | 2018 ||| READING 2 scrolls of identify.
  2018 | D:3      | 2018 ||| IDENTIFYING grey potion
  2197 | D:4      | Reached XP level 6. HP: 38/38 MP: 6/6
  2422 | D:4      | Reached skill level 7 in Ranged Weapons
  2570 | D:4      | 2570 ||| READING scroll labelled XIUJEMNOBAY.
  2587 | D:5      | Entered Level 5 of the Dungeon
  2683 | D:5      | Reached XP level 7. HP: 43/43 MP: 7/7
  2724 | D:5      | 2724 ||| Stepping ~*~*~tactically~*~*~ (outnumbered).
  2728 | D:5      | 2728 ||| Stepping ~*~*~tactically~*~*~ (outnumbered).
  2912 | D:5      | Identified the +9 quarterstaff of Truth {protect, rElec
                  | rPois Will+}
  2944 | D:5      | Found Haoluery's Magic Scroll Emporium.
  2956 | D:5      | 2956 ||| BUYING scroll of teleportation (45 gold).
  2956 | D:5      | Bought a scroll of teleportation for 45 gold pieces
  2956 | D:5      | 2956 ||| BUYING scroll of teleportation (45 gold).
  2956 | D:5      | Bought a scroll of teleportation for 45 gold pieces
  3212 | D:5      | 3212 ||| UPGRADING to +0 ring mail of cold resistance.
  3222 | D:5      | 3222 ||| DROPPING +0 ring mail.
  3223 | D:5      | 3223 ||| READING scroll labelled UVIEDGH MECOCY.
  3224 | D:5      | 3224 ||| READING scroll labelled RIHIYSAUNI.
  3225 | D:5      | 3225 ||| READING scroll labelled TAIMNU ZOFEQE.
  3326 | D:5      | 3326 ||| READING 3 scrolls of identify.
  3326 | D:5      | 3326 ||| IDENTIFYING fizzy coppery potion
  3327 | D:5      | 3327 ||| READING 2 scrolls of identify.
  3327 | D:5      | 3327 ||| IDENTIFYING metallic blue potion
  3328 | D:5      | 3328 ||| DROPPING potion of lignification.
  3329 | D:5      | 3329 ||| DROPPING potion of degeneration.
  3365 | D:6      | 3365 ||| STAIRDANCE
  3370 | D:6      | 3370 ||| STAIRDANCE
  3376 | D:5      | HP: 5/43 [orc warrior/+0 morningstar (7)]
  3377 | D:5      | 3377 ||| READING 4 scrolls of teleportation.
  3378 | D:5      | 3378 ||| DRINKING potion of heal wounds.
  3460 | D:6      | Noticed Blork the orc
  3466 | D:6      | Killed Blork the orc
  3467 | D:6      | Reached skill level 8 in Ranged Weapons
  3583 | D:6      | Noticed Grinder
  3599 | D:6      | Killed Grinder
  3649 | D:6      | Reached XP level 8. HP: 36/50 MP: 8/8
  3857 | D:6      | Noticed Menkaure
  3857 | D:6      | Noticed Sigmund
  3858 | D:6      | 3858 ||| RETREATING.
  3860 | D:6      | 3860 ||| FLEEEEING.
  3866 | D:6      | 3866 ||| Stepping ~*~*~tactically~*~*~ (retreating).
  3867 | D:6      | 3867 ||| Stepping ~*~*~tactically~*~*~ (retreating).
  3868 | D:6      | 3868 ||| Stepping ~*~*~tactically~*~*~ (retreating).
  3869 | D:6      | 3869 ||| Stepping ~*~*~tactically~*~*~ (retreating).
  3870 | D:6      | 3870 ||| Stepping ~*~*~tactically~*~*~ (retreating).
  3871 | D:6      | 3871 ||| Stepping ~*~*~tactically~*~*~ (retreating).
  3872 | D:6      | 3872 ||| Stepping ~*~*~tactically~*~*~ (retreating).
  3873 | D:6      | 3873 ||| Stepping ~*~*~tactically~*~*~ (retreating).
  3874 | D:6      | 3874 ||| Stepping ~*~*~tactically~*~*~ (retreating).
  3875 | D:6      | 3875 ||| Stepping ~*~*~tactically~*~*~ (retreating).
  3876 | D:6      | 3876 ||| Stepping ~*~*~tactically~*~*~ (retreating).
  3877 | D:6      | 3877 ||| Stepping ~*~*~tactically~*~*~ (retreating).
  3878 | D:6      | 3878 ||| Stepping ~*~*~tactically~*~*~ (retreating).
  3879 | D:6      | 3879 ||| Stepping ~*~*~tactically~*~*~ (retreating).
  3880 | D:6      | 3880 ||| Stepping ~*~*~tactically~*~*~ (retreating).
  3882 | D:6      | 3882 ||| Stepping ~*~*~tactically~*~*~ (retreating).
  3883 | D:6      | 3883 ||| Stepping ~*~*~tactically~*~*~ (retreating).
  3884 | D:6      | Killed Menkaure
  3887 | D:6      | Killed Sigmund
  4252 | D:6      | 4252 ||| READING scroll labelled OSUTOR WAT XEA.
  4253 | D:6      | 4253 ||| READING scroll labelled JECUINLAEPP.
  4297 | D:7      | Reached skill level 9 in Ranged Weapons
  4306 | D:7      | Found the +5 Force Lance {heavy, knockback}
  4486 | D:7      | Reached skill level 6 in Fighting
  4490 | D:7      | Noticed Joseph
  4499 | D:7      | 4499 ||| RETREATING.
  4500 | D:7      | 4500 ||| RETREATING.
  4501 | D:7      | 4501 ||| FLEEEEING.
  4508 | D:7      | 4508 ||| Stepping ~*~*~tactically~*~*~ (retreating).
  4509 | D:7      | 4509 ||| Stepping ~*~*~tactically~*~*~ (retreating).
  4510 | D:7      | 4510 ||| Stepping ~*~*~tactically~*~*~ (retreating).
  4511 | D:7      | 4511 ||| Stepping ~*~*~tactically~*~*~ (retreating).
  4511 | D:7      | HP: 7/51 [centaur/arrow (11)]
  4512 | D:7      | 4512 ||| READING 3 scrolls of teleportation.
  4513 | D:7      | 4513 ||| Stepping ~*~*~tactically~*~*~ (retreating).
  4515 | D:7      | Slain by a gnoll

Levels and vault maps discovered:
D:1:      psy_arrival_conway, layout_basic, dreamdust_princess_bridge
D:2:      layout_basic, shapermc_ecumenical_altar_mp_vishouse, hex_large
D:3:      layout_basic
D:4:      layout_basic, serial_bayou_ford_a
D:5:      layout_cave_pools, serial_shops, shop, nicolae_hexahallways,
          uniq_crazy_yiuf_cottage
D:6:      layout_basic, supply_closet_lemuel, uniq_menkaure, uniq_sigmund,
          uniq_blork_the_orc, uniq_grinder
D:7:      layout_basic, minmay_temple_entry_ruins, serial_bayou_pond_c,
          uniq_joseph

Skill      XL: |  1  2  3  4  5  6  7  8 |
---------------+-------------------------+-----
Ranged Weapons | 5 6 7 8 9 |  9.1
Fighting       | 3 4 5 6 |  6.2
Armour         | 1 |  1.0
Dodging        | 2 |  2.5
Stealth        | |  1.1

Action                     |  1- 3 |  4- 6 |  7- 9 || total
---------------------------+-------+-------+-------++-------
   Fire: Shortbow          |    79 |   196 |   168 ||   443
    Use: Scroll            |     6 |     7 |     9 ||    22
         Potion            |       |       |     1 ||     1
 Armour: Leather armour    |     9 |     1 |       ||    10
         Ring mail         |       |    18 |    26 ||    44
  Dodge: Dodged            |    15 |    90 |   105 ||   210

Table legend:
 A = Non-vault XP
 B = Vault XP
 C = Vault XP percentage of total XP
 D = Non-vault monster count
 E = Vault monster count
 F = Vault count percentage of total count
                 A         B        C        D         E       F
            +---------+---------+-------+---------+---------+-------
      Total |    1234 |     604 |  32.9 |     126 |       4 |   3.1
            +---------+---------+-------+---------+---------+-------
        D:1 |      36 |       0 |   0.0 |      22 |       0 |   0.0
        D:2 |      98 |       0 |   0.0 |      22 |       0 |   0.0
        D:3 |     152 |       0 |   0.0 |      28 |       0 |   0.0
        D:4 |     233 |       0 |   0.0 |      17 |       0 |   0.0
        D:5 |     206 |       0 |   0.0 |      17 |       0 |   0.0
        D:6 |     241 |     604 |  71.5 |      10 |       4 |  28.6
        D:7 |     268 |       0 |   0.0 |      10 |       0 |   0.0
            +---------+---------+-------+---------+---------+-------
